AoeStats
← Reis

Nomad

506630069Analyzed
4v4 RM · 19d ago on Sep 14, 2026· 39m 30s· 8 players
Game mode
Random Map
Map size
231×231
Population
200
Speed
Normal
Resources
Standard
Victory
Conquest
Starting age
Dark Age
Ending age
Imperial Age
RankedLock teamsTeams togetherTeam positionsShared explorationLock speedFull tech treeHidden civsTurbo modeCheats
Victory
Defeat
🇨🇱 Georgians · Chile
1327
+16
🇹🇷 Wu · Türkiye
1311
+16
🇪🇸 Huns · Spain
1281
+18
🇵🇹 Malay · Portugal
1255
+18
🇻🇪 Koreans · Venezuela
1369
-19
🇨🇳 Huns · China
1368
-19
🇨🇭 Bulgarians · Switzerland
1345
-18
🇹🇼 Italians · Taiwan
1196
-12
Dr_Sanz
4:53 Loom
15:24 Feudal Age
17:11 Gold Mining
19:26 Castle Age
17:58 Forging
19:03 Bloodlines
19:18 Scale Barding Armor
20:53 Husbandry
24:49 Horse Collar
28:24 Wheelbarrow
27:39 Double-Bit Axe
28:34 Bow Saw
30:16 Fishing Lines
31:09 Stone Mining
32:00 Gillnets
32:30 Hand Cart
33:13 Heavy Plow
37:12 Imperial Age
35:01 Marauders
36:01 Chain Barding Armor
36:19 Iron Casting
36:53 Gold Shaft Mining
37:35 Elite Tarkan
39:15 Plate Barding Armor
Diegote
5:25 Loom
12:26 Feudal Age
17:03 Castle Age
21:30 Wheelbarrow
21:53 Town Watch
22:34 Double-Bit Axe
25:12 Bow Saw
24:54 Gold Mining
25:04 Gold Mining
26:24 Scale Barding Armor
26:29 Forging
26:55 Husbandry
28:00 Bloodlines
31:25 Iron Casting
34:12 Chain Barding Armor
38:14 Imperial Age
39:09 Svan Towers
40:30 Plate Barding Armor
Fu
8:56 Loom
13:22 Feudal Age
12:59 Double-Bit Axe
17:41 Wheelbarrow
21:11 Castle Age
20:23 Fishing Lines
21:13 Medium Warships
20:52 Town Watch
21:50 Bow Saw
22:12 Gold Mining
23:47 Scale Barding Armor
23:52 Forging
24:07 Husbandry
24:04 Gillnets
32:23 Fletching
32:34 Padded Archer Armor
35:12 Imperial Age
33:12 Bodkin Arrow
32:59 Elite Skirmisher
35:01 Ballistics
35:02 Leather Archer Armor
37:29 Stone Mining
37:53 Bracer
40:27 Ring Archer Armor
Günyüzü
5:07 Loom
15:57 Feudal Age
19:34 Castle Age
18:10 Horse Collar
18:44 Forging
18:40 Double-Bit Axe
19:31 Scale Mail Armor
19:33 Town Watch
20:36 Bow Saw
20:34 Squires
22:03 Wheelbarrow
29:40 Arson
32:50 Chain Mail Armor
33:10 Iron Casting
Todas Mienten
11:06 Loom
13:18 Feudal Age
17:40 Castle Age
16:21 Double-Bit Axe
16:29 Stone Mining
18:52 Fletching
19:31 Bow Saw
26:15 Town Watch
28:22 Horse Collar
31:00 Bodkin Arrow
32:15 Ballistics
38:44 Imperial Age
Reis
3:22 Loom
6:02 Loom
14:20 Feudal Age
20:55 Castle Age
20:54 Fletching
22:14 Bodkin Arrow
傳奇商店
4:15 Loom
15:40 Feudal Age
20:59 Castle Age
19:12 Double-Bit Axe
20:44 Horse Collar
25:59 Imperial Age
24:40 Fletching
27:30 Bow Saw
28:29 Padded Archer Armor
31:01 Bodkin Arrow
33:55 Leather Archer Armor
36:55 Wheelbarrow
37:14 Ballistics
39:42 Chemistry
40:36 Ring Archer Armor
SB
4:33 Loom
17:36 Feudal Age
19:04 Stone Mining
19:02 Town Watch
21:32 Castle Age
19:20 Double-Bit Axe
19:47 Fishing Lines
20:17 Town Watch
21:26 Forging
21:16 Scale Mail Armor
21:58 Pikeman
22:40 Fletching
23:36 Squires
25:08 Gillnets
25:42 Bow Saw
Connection lost

Rejoining the realm…

Still unreachable

The connection could not be restored.

Session expired

The server has moved on; the page needs a fresh start.